 Dungeon Crawl Stone Soup version 0.27.0-1-g7a089689b8 (webtiles) character file.

Game seed: 3392259843867838522

147 Descartes the Covert (level 5, -1/27 HPs)
             Began as a Spriggan Delver on Aug 14, 2021.
             Succumbed to a kobold's poison
             ... on level 2 of the Dungeon.
             The game lasted 00:02:25 (1574 turns).

Descartes the Covert (Spriggan Delver)              Turns: 1574, Time: 00:02:26

Health: -1/27      AC:  2    Str:  9    XL:     5   Next: 8%
Magic:  6/6        EV: 17    Int: 12    God:
Gold:   121        SH:  0    Dex: 16    Spells: 4/4 levels left

rFire    . . .     SeeInvis +   a - +0 short sword
rCold    . . .     Faith    .   (shield restricted)
rNeg     . . .     Spirit   .   b - +0 robe
rPois    .         Reflect  .   (helmet restricted)
rElec    .         Harm     .   (no cloak)
rCorr    .         Rampage  .   (gloves unavailable)
Will     .....                  (boots unavailable)
Stlth    +++++.....             (no amulet)
HPRegen  0.09/turn              (no ring)
MPRegen  0.10/turn              (no ring)

@: lethally poisoned (-1 -> -16), very quick
A: very small, no large weapons, unfitting armour, see invisible, speed 3
a: no special abilities


You were on level 2 of the Dungeon.
You visited 1 branch of the dungeon, and saw 5 of its levels.

You collected 121 gold pieces.

Inventory:

Hand Weapons
 a - a +0 short sword (weapon)
Missiles
 l - 39 stones (quivered)
 m - 22 arrows
 n - 5 poisoned darts
Armour
 b - a +0 robe (worn)
Jewellery
 o - an amulet of magic regeneration
Wands
 g - a wand of digging (3)
 k - a wand of mindburst (13)
Scrolls
 c - a scroll of fog
 d - 2 scrolls of magic mapping
 e - 2 scrolls of fear
 h - 5 scrolls of identify {unknown}
 j - 2 scrolls of teleportation {unknown}
Potions
 f - a potion of haste
 i - a potion of cancellation
 p - a potion of flight {unknown}
 q - a potion of curing {unknown}


   Skills:
 - Level 2.4 Fighting
 - Level 2.1 Short Blades
 - Level 2.6 Dodging
 + Level 10.5 Stealth


You had 4 spell levels left.
You didn't know any spells.
Your spell library contained the following spells:

 Spells                   Type           Power      Damage    Failure   Level
 Magic Dart               Conj           0%         1d3       32%         1
 Sandblast                Erth           0%         2d4       32%         1
 Passwall                 Tmut/Erth      0%         N/A       45%         2
 Searing Ray              Conj           0%         3d3       45%         2
 Dazzling Flash           Conj/Hex       0%         N/A       69%         3
 Fulminant Prism          Conj/Hex       0%         3d6       97%         4
 Agony                    Necr           0%         N/A       100%        5
 Lee's Rapid Deconstruct  Erth           0%         3d5*      100%        5
 Silence                  Hex/Air        0%         N/A       100%        5


Dungeon Overview and Level Annotations

Branches:
Dungeon (5/15)
 Temple: D:4-7

Altars:


Innate Abilities, Weirdness & Mutations

You are very small and have problems with some larger weapons.
You are too small for most types of armour.
You have supernaturally acute eyesight. (SInv)
You cover ground extremely quickly. (Speed+++)


Message History

You hit the kobold.
The kobold is moderately wounded.
The kobold misses you.
You closely miss the kobold.
The kobold is moderately wounded.
The kobold hits you but does no damage.
You are poisoned.
You hit the kobold but do no damage.
You feel very sick.
The kobold hits you with a +0 short sword of venom.
You are lethally poisoned!
You barely miss the kobold.
You feel very sick.
The kobold hits you with a +0 short sword of venom.
You are too injured to fight recklessly!
You are too injured to fight recklessly!
You are too injured to fight recklessly!
You are too injured to fight recklessly!
You are too injured to fight recklessly!
You are too injured to fight recklessly!
You are too injured to fight recklessly!
You are too injured to fight recklessly!
You are too injured to fight recklessly!
You hit the kobold.
The kobold is severely wounded.
You feel very sick. The kobold misses you.
You hit the kobold but do no damage.
The kobold is severely wounded.
* * * LOW HITPOINT WARNING * * *
You feel sick. The kobold closely misses you.
You closely miss the kobold.
The kobold is severely wounded.
* * * LOW HITPOINT WARNING * * *
You feel very sick.
The kobold hits you with a +0 short sword of venom.
* * * LOW HITPOINT WARNING * * *
You are more poisoned.
It was a potion of cancellation.
You feel magically purged.
You die...

#.#
#.##..#
...
..###.#
###
..####.##
.# #...#
#.#.#
#.#.##
#....#
#....#
#..@.#
#..K.#
#.....#
#.....#
#.....#
......#
.......#
#.......#


You could see a kobold.

Vanquished Creatures
  A necrophage (D:2)
  An iguana (D:5)
  An orc (D:5)
  4 bats (D:1)
  3 endoplasms (D:1)
  2 giant cockroaches (D:2)
  3 goblins
  5 hobgoblins
  4 jackals (D:1)
  A quokka (D:1)
  A ball python (D:1)
  2 frilled lizards
  2 kobolds
  A rat (D:1)
31 creatures vanquished.

Notes
Turn   | Place    | Note
-------+----------+-------------------------------------------
     0 | D:5      | Descartes the Spriggan Delver began the quest for the Orb.
     0 | D:5      | Reached XP level 1. HP: 11/11 MP: 2/2
    28 | D:5      | Noticed an iguana
    35 | D:5      | Killed an iguana
    36 | D:5      | Reached skill level 8 in Stealth
    36 | D:5      | Reached XP level 2. HP: 16/16 MP: 3/3
    97 | D:4      | Reached XP level 3. HP: 16/19 MP: 4/4
  1055 | D:1      | Reached skill level 9 in Stealth
  1531 | D:2      | Noticed a necrophage
  1534 | D:2      | Killed a necrophage
  1535 | D:2      | Reached skill level 10 in Stealth
  1535 | D:2      | Reached XP level 4. HP: 23/23 MP: 5/5
  1535 | D:2      | Reached XP level 5. HP: 27/27 MP: 6/6
  1574 | D:2      | Succumbed to a kobold's poison

Illustrated notes

Levels and vault maps discovered:
D:1:      dpeg_arrival_pond, layout_basic
D:2:      layout_rooms, hellmonk_ecumenical_altar_zigzags, minmay_tall_x
D:3:      layout_basic, gammafunk_ghost_abyssal_escape
D:4:      layout_cave_pools, kennysheep_vampire_church, dk_yredelemnul_ordeal,
          hangedman_decor_peaks_small, minmay_misc_feat_hallway
D:5:      layout_rooms, minmay_temple_entry_from_below_a, serial_rivers,
          chequers_serial_rivers_micro_d, chequers_serial_rivers_large_a,
          chequers_serial_rivers_micro_b, chequers_serial_rivers_micro_b,
          chequers_serial_rivers_small_b, chequers_serial_rivers_micro_c,
          minmay_ruined_shrine, uniq_grinder

Skill      XL: |  1  2  3 |
---------------+----------+-----
Stealth        | 8 10 | 10.5
Fighting       | |  2.4
Short Blades   | |  2.1
Dodging        | |  2.6

Action                   |  1- 3 |  4- 6 || total
-------------------------+-------+-------++-------
Melee: Short sword       |    71 |    10 ||    81
  Use: Potion            |       |     1 ||     1
 Stab: Sleeping          |    17 |     3 ||    20
Armor: Robe              |     4 |     1 ||     5
Dodge: Dodged            |    42 |     3 ||    45
